 Dungeon Crawl Stone Soup version 0.30.0 (webtiles) character file.

Game seed: 11842327084724241465

97 Dani the Chopper (level 4, 17/35 HPs)
             Began as a Demonspawn Fighter on May 19, 2023.
             Quit the game on level 3 of the Dungeon.
             The game lasted 00:02:26 (1203 turns).

Dani the Chopper (Demonspawn Fighter)               Turns: 1203, Time: 00:02:26

Health: 17/35      AC:  6    Str: 16    XL:     4   Next: 42%
Magic:  4/4        EV:  8    Int: 11    God:
Gold:   80         SH:  4    Dex: 13    Spells: 3/3 levels left

rFire   . . .        a - +0 war axe
rCold   . . .        c - +0 buckler
rNeg    . . .        b - +0 scale mail
rPois   .            (helmet restricted)
rElec   .            (no cloak)
rCorr   .            (no gloves)
SInv    .            (no boots)
Will    .....        (no amulet) Stlth
                     (no ring)
HPRegen 0.25/turn    (no ring)
MPRegen 0.09/turn

%: no passive effects
@: no status effects
A: claws 1, horns 1
a: no special abilities


You were on level 3 of the Dungeon.
You visited 1 branch of the dungeon, and saw 4 of its levels.

You collected 80 gold pieces.

Inventory:

Hand Weapons
 a - a +0 war axe (weapon)
Missiles
 g - 7 poisoned darts (quivered)
Armour
 b - a +0 scale mail (worn)
 c - a +0 buckler (worn)
Scrolls
 h - a scroll of fog
 R - 2 scrolls of identify {@r1}
Potions
 d - 2 potions of might
 f - a potion of curing {unknown}
 i - a potion of heal wounds {unknown}


   Skills:
 - Level 3.0 Fighting
 + Level 4.3 Axes
 - Level 2.6 Armour
 - Level 2.6 Shields


You had 3 spell levels left.
You didn't know any spells.
Your spell library was empty.

Dungeon Overview and Level Annotations

Branches:
Dungeon (4/15)
 Temple: D:4-7

Altars:
Makhleb


Innate Abilities, Weirdness & Mutations

You have sharp fingernails.
You have a pair of small horns on your head.


Message History

A hound is nearby!
You closely miss the hound.
The hound is heavily wounded.
The hound bites you.
* * * LOW HITPOINT WARNING * * *
The hound bites you.
* * * LOW HITPOINT WARNING * * *
A hound is nearby!
You are too injured to fight recklessly!
A hound is nearby!
You are too injured to fight recklessly!
A hound is nearby!
You are too injured to fight recklessly!
A hound is nearby!
You are too injured to fight recklessly!
You closely miss the hound.
The hound is heavily wounded.
The hound bites you.
* * * LOW HITPOINT WARNING * * *
The hound barely misses you.
You hit the hound.
The hound is almost dead.
The hound bites you.
* * * LOW HITPOINT WARNING * * *
The hound bites you but does no damage.
You closely miss the hound.
The hound is almost dead.
The hound bites you but does no damage. The hound closely misses you.
You hit the hound.
You kill the hound!
You are too injured to fight recklessly!
You feel your willpower return.
HP restored.
Found a human corpse.
Key pressed, stopping explore.
Key pressed, stopping explore.
An orc comes into view. It is wielding a +0 dagger.
The orc shouts!
You hear a shout! x2
An orc is nearby!
An orc is nearby!
An orc priest comes into view. It is wielding a +0 whip.
The orc priest shouts!
You hear a shout!
An orc comes into view. It is wielding a +0 dagger.
The orc priest calls down the wrath of Beogh upon you.
Beogh smites you!
* * * LOW HITPOINT WARNING * * *
An orc comes into view. It is wielding a +0 club.
You barely miss the orc. The orc closely misses you. The orc barely misses you.
The orc attacks as you move away! You block the orc's attack.
You block the orc's attack. The orc attacks as you move away!
The orc barely misses you. The orc attacks as you move away!
The orc barely misses you. The orc attacks as you move away!
You block the orc's attack. The orc attacks as you move away!
The orc closely misses you.
There is a stone staircase leading up here.
You barely miss the orc. The orc hits you but does no damage.
You hit the orc.
The orc is moderately wounded.
The orc hits you with a +0 dagger.
You slash the orc!
You kill the orc!
The orc hits you but does no damage.
You hit the orc.
The orc is lightly wounded.
The orc hits you but does no damage.
You slash the orc!
You kill the orc!
The orc priest hits you with a +0 whip.
You climb upwards.
There is a stone staircase leading down here.
You slash the orc priest!
The orc priest is severely wounded.
The orc priest hits you with a +0 whip.
* * * LOW HITPOINT WARNING * * *
The orc priest looks braver for a moment.
You barely miss the orc priest.
The orc priest is severely wounded.
You block the orc priest's attack.
You hit the orc priest.
The orc priest is severely wounded.
You block the orc priest's attack.
You closely miss the orc priest.
The orc priest is severely wounded.
The orc priest barely misses you. The orc priest hits you with a +0 whip.
* * * LOW HITPOINT WARNING * * *
You closely miss the orc priest.
The orc priest is severely wounded.
You block the orc priest's attack.
You closely miss the orc priest.
The orc priest is severely wounded.
The orc priest hits you with a +0 whip.
* * * LOW HITPOINT WARNING * * *
The orc priest hits you but does no damage.
You hit the orc priest.
You kill the orc priest!
Your Axes skill increases to level 4!
You have reached level 4!
You feel agile.
Your demonic ancestry asserts itself...
A pair of horns grows on your head!
Are you sure you want to abandon this character and quit the game? (Confirm with "yes".)

#.....# #.....#
#.....# #.....#
#.....# ###.###
##.## #######.#.##
#@.....###.# #
#)#####.#.## ##
#.##.# ####.######.
.# ...# #.).........
.# ##.###.####..####
.### #.
#...........# ....
#. #........##.# .##
###.########.##.##.#
.# .....#
###.#...#.# ##


There were no monsters in sight!

Vanquished Creatures
  An orc priest (D:3)
  A hound (D:4)
  2 dart slugs
  2 orcs (D:4)
  A bat (D:1)
  2 endoplasms
  7 goblins
  A hobgoblin (D:2)
  4 quokkas
  4 ball pythons
  A frilled lizard (D:1)
  2 kobolds
  2 rats (D:1)
30 creatures vanquished.

Notes
Turn   | Place    | Note
-------+----------+-------------------------------------------
     0 | D:1      | Dani the Demonspawn Fighter began the quest for the Orb.
     0 | D:1      | Reached XP level 1. HP: 18/18 MP: 1/1
    69 | D:1      | Reached skill level 2 in Axes
   354 | D:1      | Discovered your monstrous ancestry.
   354 | D:1      | Gained mutation: You have sharp fingernails. [demonic
                  | ancestry]
   354 | D:1      | Reached XP level 2. HP: 22/24 MP: 2/2
   728 | D:3      | Reached skill level 3 in Axes
   864 | D:3      | Reached XP level 3. HP: 26/29 MP: 3/3
  1041 | D:4      | Found a burning altar of Makhleb.
  1052 | D:4      | HP: 6/29 [hound (2)]
  1203 | D:3      | Reached skill level 4 in Axes
  1203 | D:3      | Gained mutation: You have a pair of small horns on your
                  | head. [demonic ancestry]
  1203 | D:3      | Reached XP level 4. HP: 17/35 MP: 4/4
  1203 | D:3      | Quit the game

Illustrated notes

Levels and vault maps discovered:
D:1:      dpeg_arrival_ternary, layout_loops_corners
D:2:      layout_loops_cross, basic_altar, minmay_stone_trees_medium,
          minmay_fountain_box, st_stairs_9, nrook_loot_triangle,
          lemuel_flame_loot_1, uniq_sigmund
D:3:      layout_loops_cross, marbit_many_paths, chequers_garden, uniq_grinder
D:4:      layout_basic, nicolae_elyvilon_temple_path,
          makhleb_blood_cavern_becter, mainiacjoe_overflow_alcove_2,
          serial_shops, shop, uniq_robin, uniq_edmund, uniq_blork_the_orc

Skill      XL: |  1  2  3 |
---------------+----------+-----
Axes           | 2 3 4 |  4.3
Fighting       | |  3.0
Armour         | |  2.6
Shields        | |  2.6

Action                     |  1- 3 |  4- 6 || total
---------------------------+-------+-------++-------
  Melee: War axe           |   106 |       ||   106
    Use: Scroll            |     6 |       ||     6
 Armour: Scale mail        |    42 |       ||    42
  Dodge: Dodged            |    53 |       ||    53
  Block: Buckler           |    22 |       ||    22

Levels and vault maps discovered:
D:1:      dpeg_arrival_ternary, layout_loops_corners
D:2:      layout_loops_cross, basic_altar, minmay_stone_trees_medium,
          minmay_fountain_box, st_stairs_9, nrook_loot_triangle,
          lemuel_flame_loot_1, uniq_sigmund
D:3:      layout_loops_cross, marbit_many_paths, chequers_garden, uniq_grinder
D:4:      layout_basic, nicolae_elyvilon_temple_path,
          makhleb_blood_cavern_becter, mainiacjoe_overflow_alcove_2,
          serial_shops, shop, uniq_robin, uniq_edmund, uniq_blork_the_orc

Table legend: (Time is in decaauts)
 A = Elapsed time spent in this place.
 B = Non-inter-level travel time spent in this place.
 C = Inter-level travel time spent in this place.
 D = Time resting spent in this place.
 E = Time spent auto-exploring this place.
 F = Levels seen in this place.
 G = Mean time per level.
                   A        B        C        D        E       F      G
               +--------+--------+--------+--------+--------+-----+--------+
         Total |   1246 |   1245 |      1 |     13 |    927 |   4 |  311.5 |
       Dungeon |   1246 |   1245 |      1 |     13 |    927 |   4 |  311.5 |
               +--------+--------+--------+--------+--------+-----+--------+

Top non-repeatable levels by time:
     D:1: 542 daAuts
     D:3: 318 daAuts
     D:2: 202 daAuts
     D:4: 182 daAuts

Table legend:
 A = Kills in this place as a percentage of kills in the entire game.
 B = Kills by you in this place as a percentage of kills by you in the entire game.
 C = Kills by friends in this place as a percentage of kills by friends in the entire game.
 D = Other kills in this place as a percentage of other kills in the entire game.
 E = Experience gained in this place as a percentage of experience gained in the entire game.
 F = Experience gained in this place divided by the number of levels of this place that you have seen.
                   A       B       C       D       E      F
               +-------+-------+-------+-------+-------+----------------------
         Total | 100.0 | 100.0 |   N/A |   N/A | 100.0 |  34.8
       Dungeon | 100.0 | 100.0 |   N/A |   N/A | 100.0 |  34.8
               +-------+-------+-------+-------+-------+----------------------
